Unix NetHack Version 5.0.0-0 post-release - last build May 17 2026 04:57:42 (dc50c8380fa5e20985bfe3072449f57b8d9895ef,branch:main).

Game began 2026-05-19 02:32:48, ended 2026-05-19 02:47:35.

Eldrich, lawful male human Archeologist

  ----------------
  |..............|                                       ---------------
  |..............-##########                             +.............|
  |............<.|                                       |.B...........|
  ---.------------                                       ---@-----------
     #######                                                f#####
           ####                     -------                      ###
          *   #                     |......              #         #######
      --------.--#----             #-.....|             ##           ----.---
      |..............|       #######|%.....####   -------############.....{.|
      |...............########      |....{|#  ##  |.....|#           |......|
      |..............|              -------#   #  |...>.|#           |......|
      |...............                    ### ### |...|.|#           |......|
      ----------------                        ####|.....-#           --------
                                                ##......|`
                                                # |.....|
                                                  -------

Eldrich the Field Worker   St:14 Dx:13 Co:15 In:15 Wi:13 Ch:9  Lawful
Dlvl:3  $:46 HP:0(25) Pw:10(10) AC:8  Xp:3 T:1208 

Latest messages:
 The kitten misses the cave spider.
 You miss the cave spider.
 The kitten misses the cave spider.
 The cave spider bites!
 You lash the cave spider.
 The kitten misses the cave spider.
 The cave spider bites!
 You miss the cave spider.
 The kitten misses the cave spider.
 The cave spider bites!
 You miss the cave spider.
 The kitten misses the cave spider.
 The cave spider bites!
 You miss the cave spider.
 The kitten misses the cave spider.
 The cave spider just misses!
 The kitten misses the cave spider.
 You kill the cave spider!
 Your kitten eats a cave spider corpse.
 You swap places with your kitten.
 You see here a dark green spellbook.
 y - a dark green spellbook.
 You climb up the stairs.
 The door resists!
 The door opens.
 You swap places with your kitten.
 You hear bubbling water.
 The bat bites!
 The bat bites!
 The bat bites!
 The bat bites!
 The bat misses!
 The bat bites!
 The bat bites!
 The bat bites!
 You kill the bat!
 The bat just misses!
 The kitten misses the bat.
 You lash the bat.
 The bat bites!
 The kitten misses the bat.
 The bat bites!
 You miss the bat.
 The bat bites!
 You die...
 Do you want your possessions identified? [ynq] (y) y
 Do you want to see your attributes? [ynq] (y) y
 Do you want an account of creatures vanquished? [ynaq] (y) y
 Do you want to see your conduct and achievements? [ynq] (y) y
 Do you want to see the dungeon overview? [ynq] (y) y

Inventory:
 Coins    ('$')
  $ - 46 gold pieces
 Weapons  (')')
  a - a blessed +2 bullwhip (weapon in right hand)
 Armor    ('[')
  c - a blessed +0 fedora (being worn)
  l - an uncursed +0 pair of water walking boots (being worn)
  p - a cursed +0 leather armor
  b - an uncursed +0 leather jacket (being worn)
 Comestibles  ('%')
  j - an uncursed carrot
  d - 3 uncursed food rations
 Scrolls  ('?')
  x - an uncursed scroll of amnesia
  r - an uncursed scroll of charging
  q - a cursed scroll of light
  w - a cursed scroll of teleportation
 Spellbooks  ('+')
  y - an uncursed spellbook of identify
 Potions  ('!')
  s - an uncursed potion of levitation
  m - an uncursed potion of monster detection
  k - an uncursed potion of sleeping
 Rings    ('=')
  n - an uncursed ring of cold resistance (on right hand)
 Wands    ('/')
  t - a wand of speed monster (0:5)
 Tools    ('(')
  h - an empty uncursed sack
  e - a +0 pick-axe (alternate weapon; not wielded)
  f - a tinning kit (0:74)
 Gems/Stones  ('*')
  g - an uncursed touchstone

Eldrich the Archeologist's attributes:

Background:
 You were a Field Worker, a level 3 male human Archeologist.
 You were lawful, on a mission for Quetzalcoatl
 who was opposed by Camaxtli (neutral) and Huhetotl (chaotic).
 You were right-handed.
 You were in the Dungeons of Doom, on level 3.
 You entered the dungeon 1208 turns ago.
 It was nighttime.
 There was a new moon in effect when your adventure ended.
 You had 56 experience points, 24 more were needed to attain level 4.

Basics:
 You had 0 out of 25 hit points.
 You had all 10 energy points (spell power).
 Your armor class was 8.
 Your wallet contained 46 zorkmids.
 Autopickup was off.

Final Characteristics:
 Your strength was 14 (limit:18/100).
 Your dexterity was 13 (limit:18).
 Your constitution was 15 (limit:18).
 Your intelligence was 15 (limit:18).
 Your wisdom was 13 (limit:18).
 Your charisma was 9 (limit:18).

Final Status:
 You weren't hungry.
 You were unencumbered.
 You were wielding a whip.
 You had basic skill with whip.

Final Attributes:
 You were devoutly aligned.
 You were cold resistant.
 Your items were protected from cold.
 You had automatic searching.
 You could walk on water.
 You were lucky.
 You are dead.

Miscellaneous:
 You didn't encounter any bones levels.
 Total elapsed playing time was 14 minutes and 46 seconds.

Major events:
 Turn
    1: Eldrich the lawful male human Archeologist entered the dungeon
 1003: attained the rank of Field Worker (level 3)
 1208: killed by a bat

You didn't know any spells.

Skills:
 Fighting Skills
   bare handed combat [Unskilled]
   two weapon combat  [Unskilled]
   riding             [Unskilled]
 Weapon Skills
   dagger             [Unskilled]
   knife              [Unskilled]
   pick-axe           [Basic]
   short sword        [Unskilled]
   saber              [Unskilled]
   club               [Unskilled]
   quarterstaff       [Unskilled]
   sling              [Unskilled]
   dart               [Unskilled]
   boomerang          [Unskilled]
   whip               [Basic]
   unicorn horn       [Unskilled]
 Spellcasting Skills
   attack spells      [Unskilled]
   healing spells     [Unskilled]
   divination spells  [Unskilled]
   matter spells      [Unskilled]

Voluntary challenges:
 Character rerolling was not enabled.
 You were vegetarian.
 You never genocided any monsters.
 You never polymorphed an object.
 You never changed form.
 You used no wishes.
Achievement:
 You attained the rank of Field Worker.

 The Dungeons of Doom: levels 1 to 4
    Level 1:
    Level 2:
       An altar.
    Level 3: <- You were here.
       A fountain, a sink, a grave.
       Final resting place for
          you, killed by a bat.
    Level 4:


Vanquished creatures:
  a shrieker
  3 giant rats
  a cave spider
  a yellow mold
  a gecko
  a fox
  a kobold
  a goblin
  3 grid bugs
  a bat
  3 lichens
  a kobold zombie
  2 newts
20 creatures vanquished.

No species were genocided or became extinct.

Game over:
                       ----------
                      /          \
                     /    REST    \
                    /      IN      \
                   /     PEACE      \
                  /                  \
                  |     Eldrich      |
                  |      46 Au       |
                  | killed by a bat  |
                  |                  |
                  |                  |
                  |                  |
                  |       2026       |
                 *|     *  *  *      | *
        _________)/\\_//(\/(/\)/\//\/|_)_______

Goodbye Eldrich the Archeologist...

You died in The Dungeons of Doom on dungeon level 3 with 416 points,
and 46 pieces of gold, after 1208 moves.
You were level 3 with a maximum of 25 hit points when you died.

